 Dungeon Crawl Stone Soup version 0.17-a0-2231-gd80ca38 (webtiles) character file.

2277 Raultor the Martial Artist (level 9, -17/57 HPs)
             Began as an Octopode Monk on Oct 29, 2015.
             Was a Priest of Cheibriados.
             Demolished by an orc warrior
             ... wielding a +0 trident
              (20 damage)
             ... on level 6 of the Dungeon.
             The game lasted 00:28:54 (6847 turns).

Raultor the Martial Artist (Octopode Monk)          Turns: 6847, Time: 00:28:54

Health: -17/57     AC:  1    Str: 17      XL:     9   Next: 39%
Magic:  7/12       EV: 19    Int: 20      God:    Cheibriados [***...]
Gold:   265        SH:  0    Dex: 22 (24) Spells: 0 memorised, 8 levels left

rFire  . . .     SeeInvis .       - Unarmed
rCold  . . .     Clarity  .     (no shield)
rNeg   + . .     SustAt   .     (helmet restricted)
rPois  .         Gourm    .     n - amulet of warding
rElec  .         Spirit   .     (no ring)
rCorr  .         Warding  +     (no ring)
rMut   .         Stasis   .     (no ring)
MR     .....                    (no ring)
Stlth  ++++......               (no ring)
                                (no ring)
                                (no ring)
                                (no ring)

@: drained, very slow, not resistant to hostile enchantments, stealthy
A: almost no armour, amphibious, 8 rings, constrict 8, camouflage 1, gelatinous
body 1
a: Bend Time, Temporal Distortion, Renounce Religion


You were on level 6 of the Dungeon.
You worshipped Cheibriados.
Cheibriados was most pleased with you.
You were hungry.

You visited 2 branches of the dungeon, and saw 7 of its levels.

You collected 265 gold pieces.

Inventory:

Hand Weapons
 b - a +0 blowgun
Missiles
 u - 42 poisoned needles
Magical Staves
 s - an uncursed staff of cold {unknown}
Jewellery
 n - an amulet of warding (around mantle)
Wands
 v - a wand of fire (4)
Scrolls
 f - a scroll of enchant armour {unknown}
 i - 3 scrolls of identify
 j - 4 scrolls of remove curse {unknown}
 k - a scroll of enchant weapon {unknown}
 l - 2 scrolls of noise {unknown}
 p - a scroll of fog {unknown}
 r - a scroll of immolation {unknown}
 w - a scroll of teleportation {unknown}
Potions
 c - 3 potions of might
 d - a potion of lignification {unknown}
 e - a potion of invisibility {unknown}
 o - a potion of agility {unknown}
 q - a potion of heal wounds {unknown}
 x - 2 potions of poison {unknown}
Comestibles
 a - 5 bread rations
 g - 3 meat rations
 h - 2 slices of pizza
 m - 7 fruits
 t - a beef jerky
 z - a chunk of flesh


   Skills:
 + Level 3.2(3.1) Fighting
 + Level 7.2(7.1) Dodging
 - Level 2.6 Stealth
 - Level 10.0(9.9) Unarmed Combat
 + Level 4.5(4.4) Invocations
 + Level 1.0 Evocations


You had 8 spell levels left.
You didn't know any spells.

Dungeon Overview and Level Annotations

Branches:
Dungeon (6/15)             Temple (1/1) D:4

Altars:
Ashenzari
Cheibriados
Elyvilon
Okawaru
Trog
Xom
The Shining One


Innate Abilities, Weirdness & Mutations

You cannot wear most types of armour.
You are amphibious.
You can wear up to eight rings at the same time.
You can use your tentacles to constrict eight enemies at once.
Your skin changes colour to match your surroundings (Stealth).
Your rubbery body absorbs attacks (AC +1).


Message History

* * * LOW HITPOINT WARNING * * *
You partially resist.
You feel drained.
The wight hits you with an enchanted hand axe.
* * * LOW HITPOINT WARNING * * *
The orc warrior misses you. The jackal closely misses you.
The hound skeleton misses you.
You tentacle-slap the orc but do no damage.
You grab the orc. You squeeze the orc, but do no damage.
You constrict the orc, but do no damage.
You constrict the wight. The jackal completely misses you.
The wight barely misses you. The orc completely misses you.
You tentacle-slap the orc.
The orc is severely wounded.
You constrict the orc. You constrict the wight.
You destroy the wight!
Cheibriados appreciates the change of pace.
Your base Evocations skill increases to level 1!
The jackal misses you. The hound skeleton misses you.
The orc warrior hits you from afar with a trident!!
You die...

###............#
...............#
...............# .
Z....(...))....# ..
...............# ...
#..............# ....
#..............# .....
.............zZ#......
.............h@oo.....
.............h)#o.....
#..............# .....
#...>.......>..# ....
..............# ...
.............# ..
....##......# . ...
#......#


You could see an orc warrior, a wight, 2 orcs, 2 jackals and a hound skeleton.

Vanquished Creatures
  Pikel (D:5)
  An orc priest (D:5)
  A phantom (D:4)
  A slave (D:5)
  4 ogres
  4 ice beasts
  A giant frog (D:3)
  A water moccasin zombie (D:5)
  A scorpion (D:5)
  3 wights (D:6)
  A hound (D:4)
  A gnoll shaman (D:4)
  A quasit (D:6)
  Crazy Yiuf (D:3)
  A centaur skeleton (D:6)
  A giant frog skeleton (D:6)
  3 orc wizards
  5 worker ants
  Robin (D:3)
  8 adders
  8 gnolls
  2 oozes (D:2)
  An adder zombie (D:5)
  An adder skeleton (D:4)
  4 worms
  3 giant geckos
  12 orcs
  3 ball pythons
  7 bats
  3 giant cockroaches
  16 goblins
  6 hobgoblins
  7 jackals
  5 quokkas
  2 giant gecko skeletons
  8 giant newts
  9 kobolds
  2 quokka skeletons
  8 rats
148 creatures vanquished.

Vanquished Creatures (others)
  A slave (D:5)
  A giant frog (D:5)
  An orc priest (D:5)
  An orc wizard (D:4)
  3 orcs (D:5)
  A giant newt (D:5)
8 creatures vanquished.

Grand Total: 156 creatures vanquished

Notes
Turn   | Place    | Note
--------------------------------------------------------------
     0 | D:1      | Raultor the Octopode Monk began the quest for the Orb.
     0 | D:1      | Reached XP level 1. HP: 16/16 MP: 1/1
   290 | D:1      | Reached XP level 2. HP: 21/21 MP: 2/2
   902 | D:2      | Reached XP level 3. HP: 16/26 MP: 3/3
  1041 | D:2      | Found an iron altar of Okawaru.
  1403 | D:2      | HP: 1/26 [worm (6)]
  1731 | D:2      | Found a glowing golden altar of the Shining One.
  1859 | D:3      | Reached XP level 4. HP: 26/31 MP: 4/4
  2061 | D:3      | Reached skill level 5 in Unarmed Combat
  2167 | D:3      | Noticed Robin
  2181 | D:3      | Killed Robin
  2190 | D:3      | Reached XP level 5. HP: 5/36 MP: 5/5
  2483 | D:3      | Noticed a giant frog
  2492 | D:3      | Killed a giant frog
  2842 | D:3      | Found a shattered altar of Ashenzari.
  2875 | D:3      | Reached skill level 6 in Unarmed Combat
  2887 | D:3      | Reached XP level 6. HP: 29/42 MP: 6/6
  3095 | D:3      | Noticed Crazy Yiuf
  3101 | D:3      | Killed Crazy Yiuf
  3752 | D:4      | Reached skill level 5 in Dodging
  3752 | D:4      | Reached skill level 7 in Unarmed Combat
  3752 | D:4      | Reached XP level 7. HP: 8/46 MP: 7/7
  4787 | D:4      | Reached skill level 8 in Unarmed Combat
  4834 | D:4      | Found a bloodstained altar of Trog.
  4906 | D:4      | Found a staircase to the Ecumenical Temple.
  4913 | Temple   | Entered the Ecumenical Temple
  4930 | Temple   | Became a worshipper of Cheibriados the Contemplative
  4930 | Temple   | Reached * piety under Cheibriados
  4930 | Temple   | Reached ** piety under Cheibriados
  4980 | D:4      | Reached XP level 8. HP: 52/52 MP: 8/8
  5158 | D:5      | Entered Level 5 of the Dungeon
  5208 | D:5      | Reached skill level 1 in Invocations
  5513 | D:5      | Found a shimmering altar of Xom.
  5960 | D:5      | Noticed Pikel
  5975 | D:5      | HP: 2/52 [slave[Pikel] (3)]
  5976 | D:5      | Killed Pikel
  5976 | D:5      | Reached skill level 9 in Unarmed Combat
  6274 | D:5      | Reached XP level 9. HP: 56/56 MP: 11/11
  6608 | D:5      | Reached *** piety under Cheibriados
  6608 | D:5      | Reached skill level 10 in Unarmed Combat
  6847 | D:6      | Reached skill level 1 in Evocations
  6847 | D:6      | Demolished by an orc warrior

Vault maps used:
D:1:      minmay_arrival_diagonal_passages, nrook_mini_vaults, st_stairs_5
D:2:      kennysheep_okawaru_gauntlet, tso_altar, first_bread
D:3:      old_standard_altar, uniq_crazy_yiuf_cottage, uniq_robin
D:4:      lightli_temple_of_fire, minmay_temple_entry_statues_pillars
D:5:      xom_confusion_cloud, uniq_pikel
D:6:      minitemple, nicolae_zen_rock_garden, uniq_menkaure, uniq_blork_the_orc
Temple:   hc_temple_tempest_star

Action                   |  1- 3 |  4- 6 |  7- 9 || total
-------------------------+-------+-------+-------++-------
Melee: Unarmed           |    71 |   115 |   189 ||   375
 Fire: Blowgun           |       |     2 |    32 ||    34
Invok: Bend Time         |       |       |     3 ||     3
  Use: Potion            |       |       |     3 ||     3
       Scroll            |       |       |     2 ||     2
 Stab: Sleeping          |    15 |     4 |    15 ||    34
       Distracted        |       |     1 |     3 ||     4
       Invisible         |       |     1 |       ||     1
  Eat: Chunk             |     3 |     6 |     6 ||    15
